 Dungeon Crawl Stone Soup version 0.22-a0-352-gc608dd7 (webtiles) character file.

203 Gremour the Grave Robber (level 5, -1/28 HPs)
             Began as a Deep Elf Necromancer on Apr 13, 2018.
             Slain by an orc
             ... wielding a +0 war axe
              (10 damage)
             ... on level 3 of the Dungeon on Apr 14, 2018.
             The game lasted 00:23:40 (3179 turns).

Gremour the Grave Robber (Deep Elf Necromancer)     Turns: 3179, Time: 00:23:41

Health: -1/28      AC:  5    Str:  6    XL:     5   Next: 51%
Magic:  3/15       EV: 13    Int: 20    God:
Gold:   164        SH:  0    Dex: 15    Spells: 8/16 levels left

rFire    . . .     SeeInvis .   a - +1 short sword
rCold    + . .     Gourm    .   (no shield)
rNeg     . . .     Faith    .   p - +0 robe
rPois    .         Spirit   .   r - +0 helmet
rElec    .         Reflect  .   e - +0 cloak
rCorr    .         Harm     .   (no gloves)
MR       .....                  m - +0 pair of boots
Stlth    +++.......             (no amulet)
HPRegen  0.09/turn              b - ring of protection from cold
MPRegen  0.14/turn              (no ring)

@: very slightly contaminated
A: no striking features
a: no special abilities


You were on level 3 of the Dungeon.
You were very hungry.

You visited 1 branch of the dungeon, and saw 3 of its levels.

You collected 164 gold pieces.

Inventory:

Hand Weapons
 a - a +1 short sword (weapon)
Armour
 e - a +0 cloak (worn)
 m - a +0 pair of boots (worn)
 p - a +0 robe (worn)
 r - a +0 helmet (worn)
Jewellery
 b - a ring of protection from cold (left hand)
Scrolls
 d - 2 scrolls of enchant weapon
 i - 3 scrolls of identify
 l - a scroll of remove curse
Potions
 f - a potion of flight {unknown}
 k - a potion of curing {unknown}
 n - a potion of ambrosia {unknown}
 o - a potion of agility {unknown}
 q - 2 potions of mutation {unknown}
 s - a potion of berserk rage {unknown}
Comestibles
 c - 3 rations


   Skills:
 - Level 2.4 Dodging
 * Level 3.7 Stealth
 * Level 6.0 Spellcasting
 + Level 6.1 Necromancy


You had 8 spell levels left.
You knew the following spells:

 Your Spells              Type           Power        Failure   Level  Hunger
d - Animate Dead          Necr           N/A          9%          4    ####...
r - Regeneration          Chrm/Necr      ###.......   9%          3    ##.....
z - Pain                  Necr           ####         1%          1    None


Dungeon Overview and Level Annotations

Branches:
Dungeon (3/15)

Altars:
Nemelex Xobeh
Qazlal

Annotations:
D:3 tilp's ghost, amateur MfIE


Message History

Press: ? - help, Shift-Dir - straight line, f/p - orc priest
Aim: an orc priest, wielding a club and wearing a leather armour (severely wounded, chance to defeat MR: 84%)
The orc priest writhes in agony!
You kill the orc priest!
Your Spellcasting skill increases to level 6!
The orc misses you.
Casting: Pain (safe; 1% risk of failure)
Confirm with . or Enter, or press ? or * to list all spells.
Aiming: Pain (safe; 1% risk of failure)
Press: ? - help, Shift-Dir - straight line, f - orc
Aim: an orc, wielding a war axe and wearing a glowing scale mail (chance to defeat MR: 93%)
The orc writhes in agony!
Your skin stops crawling.
You hit the orc but do no damage.
The orc is severely wounded.
The orc closely misses you.
You closely miss the orc.
The orc is severely wounded.
The orc hits you with a war axe!
You die...

#.Z##.#.# ##.#..
##......# ... #.#..
####.### ..# #.#..
###Z###########'#
#.#..
#.....##........#
#....
#.#.#.##.#......#
###.#
#Z#.#.##.#......####
#.#
#Z#.#.##.#.........#
#.#
#.#.........@)$....#
#.
#.###.##.#...o[..#.#
#..Z..##.#####..##
########.. ...# ####
##.# #.# #.#
############## #.#
#............# #.#


You could see an orc.

Vanquished Creatures
  An orc priest (D:3)
  Terence (D:3)
  Robin (D:2)
  3 gnolls (D:3)
  An adder (D:2)
  An ooze (D:2)
  3 worms (D:2)
  2 dart slugs (D:3)
  3 leopard geckos
  6 orcs (D:3)
  2 ball pythons (D:3)
  7 bats
  2 giant cockroaches
  11 goblins
  3 hobgoblins
  8 jackals
  7 kobolds
  3 frilled lizards
  4 rats
69 creatures vanquished.

Vanquished Creatures (collateral kills)
  A dart slug (D:3)
1 creature vanquished.

Grand Total: 70 creatures vanquished

Notes
Turn   | Place    | Note
-------+----------+-------------------------------------------
     0 | D:1      | Gremour the Deep Elf Necromancer began the quest for the Orb.
     0 | D:1      | Reached XP level 1. HP: 10/10 MP: 6/6
     2 | D:1      | Noticed a vampire
     2 | D:1      | Noticed a naga
     4 | D:1      | Noticed a draconian
     4 | D:1      | Noticed a merfolk
     6 | D:1      | Noticed a troll
     6 | D:1      | Noticed an elf
     8 | D:1      | Noticed a vine stalker
     8 | D:1      | Noticed an ogre
    10 | D:1      | Noticed a gargoyle
    12 | D:1      | Noticed a demonspawn
    12 | D:1      | Noticed an octopode
    18 | D:1      | Noticed a dwarf
    18 | D:1      | Noticed a tengu
    20 | D:1      | Noticed a halfling
    22 | D:1      | Noticed a formicid
    22 | D:1      | Noticed a human
    24 | D:1      | Noticed a ghoul
    24 | D:1      | Noticed a minotaur
    26 | D:1      | Noticed a felid
    26 | D:1      | Noticed a demigod
    30 | D:1      | Noticed a spriggan
    30 | D:1      | Noticed a centaur
   142 | D:1      | Reached skill level 5 in Necromancy
   241 | D:1      | Reached XP level 2. HP: 12/15 MP: 6/8
   926 | D:2      | Reached XP level 3. HP: 17/19 MP: 7/10
  1627 | D:2      | Noticed Robin
  1628 | D:2      | Reached XP level 4. HP: 16/24 MP: 6/12
  1687 | D:2      | Killed Robin
  2058 | D:3      | Noticed Terence
  2063 | D:3      | Killed Terence
  2063 | D:3      | Reached skill level 5 in Spellcasting
  2377 | D:3      | Reached XP level 5. HP: 20/28 MP: 8/14
  2405 | D:3      | Noticed tilp's ghost (amateur MfIE)
  2569 | D:2      | Upgraded the game from 0.22-a0-351-g29664b4 to 0.22-a0-352-gc608dd7
  2850 | D:3      | Learned a level 3 spell: Regeneration
  2855 | D:3      | Learned a level 4 spell: Animate Dead
  2906 | D:3      | Found a stormy altar of Qazlal.
  2906 | D:3      | Found a sparkling altar of Nemelex Xobeh.
  3179 | D:3      | Slain by an orc

Vault maps used:
D:1:      kb_arrival_jail, minivault_25
D:2:      minmay_ruptured, uniq_robin
D:3:      gammafunk_temple_overflow_elements, portal_sewer_entry_d,
          first_ration, corner_web_ring, uniq_terence

Skill      XL: |  1  2  3  4  5 |
---------------+----------------+-----
Necromancy     | 5 6 |  6.1
Stealth        | 3 |  3.7
Spellcasting   | 4 5 6 |  6.0
Dodging        | |  2.4

Action                   |  1- 3 |  4- 6 || total
-------------------------+-------+-------++-------
Melee: Unarmed           |     1 |       ||     1
       Short sword       |       |    27 ||    27
 Cast: Pain              |    67 |    54 ||   121
       Animate Dead      |       |     3 ||     3
       Regeneration      |       |     1 ||     1
  Use: Scroll            |       |     8 ||     8
       Potion            |       |     2 ||     2
 Stab: Sleeping          |       |     2 ||     2
  Eat: Chunk             |     2 |     4 ||     6
Armor: Robe              |     4 |     8 ||    12
Dodge: Dodged            |    12 |    35 ||    47

Table legend:
 A = Spawn XP
 B = Non-spawn XP
 C = Spawn XP percentage of total XP
 D = Spawn monster count
 E = Non-spawn monster count
 F = Spawn count percentage of total count
 G = Total turns spent on level
                    A         B        C        D         E        F      G
               +---------+---------+-------+---------+---------+-------+---------
         Total |       0 |     291 |   0.0 |       0 |      70 |   0.0 |  3179
               +---------+---------+-------+---------+---------+-------+---------
           D:1 |       0 |      33 |   0.0 |       0 |      18 |   0.0 |   835
           D:2 |       0 |      92 |   0.0 |       0 |      29 |   0.0 |  1374
           D:3 |       0 |     166 |   0.0 |       0 |      23 |   0.0 |   970
               +---------+---------+-------+---------+---------+-------+---------
